AoeStats
← MJAI

MegaRandom

509304552Analyzed
4v4 RM · 8d ago on Sep 26, 2026· 11m 51s· 8 players
Game mode
Random Map
Map size
Large (8 player)
Population
200
Speed
Normal
Resources
Standard
Victory
Conquest
Starting age
Dark Age
Ending age
Imperial Age
RankedLock teamsTeams togetherTeam positionsShared explorationLock speedFull tech treeHidden civsTurbo modeCheats
Victory
Defeat
🇭🇰 Wei · Hong Kong SAR China
1716
+5
🇭🇰 Persians · Hong Kong SAR China
1581
+8
🇦🇺 Khitans · Australia
1342
+18
🇭🇰 Gurjaras · Hong Kong SAR China
816
+31
🇷🇺 Armenians · Russia
1407
-17
🇹🇼 Huns · Taiwan
1384
-16
🇰🇬 Hindustanis · Kyrgyzstan
1358
-15
🇩🇪 Italians · Germany
1331
-14
b09581270
8:34 Feudal Age
7:22 Loom
9:14 Double-Bit Axe
9:24 Horse Collar
Sahiro
8:44 Loom
10:48 Feudal Age
French Connection
7:07 Loom
9:42 Feudal Age
YuriiVegas
4:46 Loom
9:35 Feudal Age
10:11 Man-at-Arms
11:04 Double-Bit Axe
hide1914
6:05 Loom
8:26 Feudal Age
6:44 Loom
8:30 Feudal Age
9:22 Double-Bit Axe
9:38 Horse Collar
MJAI
7:08 Loom
9:33 Feudal Age
12:19 Fletching
hckwok823
10:10 Feudal Age
10:24 Loom
Damir
7:38 Loom
9:27 Feudal Age
10:34 Double-Bit Axe
Connection lost

Rejoining the realm…

Still unreachable

The connection could not be restored.

Session expired

The server has moved on; the page needs a fresh start.